[ AOE2 MATCH · #506370652 ]
UnrankedBurmese vs Huns
Player's team · LOSS
Rival team · WIN
[ REPLAY ANALYSIS · EXTRACTED FROM THE RECORDED GAME ]
Feudal
9:01
Castle
—
Imperial
—
| APM avg | 59.4 |
| APM peak | 93 |
| eAPM avg | 24.9 |
| Villagers / military | 56 / 38 |
Focus
⚔️ 46.9% · 🌾 53.1%
Skirmisher ×16 · Militia ×15 · Archer ×6 · Spearman ×1
Feudal
10:49
Castle
21:51
Imperial
—
| APM avg | 52.6 |
| APM peak | 92 |
| eAPM avg | 27.0 |
| Villagers / military | 55 / 37 |
Focus
⚔️ 47.0% · 🌾 53.0%
Archer ×29 · Skirmisher ×5 · Militia ×3
Match map
Initial resources + every placement click. Lines = walls · curves = elevation contours. ◆ gold · ⬟ stone · ● berries · ✦ relic · ◌ wall gap
Your base· Open — opponent sealed themselves in
[DGLOS] DyouDi's base· ✓ Closed at 21:51 · 82t walls · no gate
Smoothed initial terrain · ◌ = detected wall gap · hover for details
Inputs per minute
— Phoebus Apollo - - [DGLOS] DyouDi
Build order — Phoebus Apollo
First 150 of 153 actions detected
| 0:00 | Create | Villager (Male) |
| 0:00 | Create | Villager (Male) |
| 0:00 | Create | Villager (Male) |
| 0:01 | Create | Villager (Male) |
| 0:01 | Create | Villager (Male) |
| 0:02 | Build | House |
| 0:04 | Build | House |
| 1:29 | Create | Villager (Male) |
| 1:46 | Create | Villager (Male) |
| 1:46 | Create | Villager (Male) |
| 1:48 | Build | Lumber Camp |
| 2:14 | Build | House |
| 2:18 | Create | Villager (Male) |
| 2:18 | Create | Villager (Male) |
| 2:45 | Create | Villager (Male) |
| 2:57 | Create | Villager (Male) |
| 2:58 | Create | Villager (Male) |
| 3:38 | Create | Villager (Male) |
| 3:38 | Create | Villager (Male) |
| 4:06 | Create | Villager (Male) |
| 4:06 | Create | Villager (Male) |
| 4:39 | Create | Villager (Male) |
| 4:39 | Create | Villager (Male) |
| 4:42 | Create | Villager (Male) |
| 4:42 | Create | Villager (Male) |
| 5:31 | Create | Villager (Male) |
| 5:36 | Build | Barracks |
| 5:47 | Create | Villager (Male) |
| 5:48 | Build | House |
| 6:08 | Research | Loom |
| 6:51 | Research | Feudal Age |
| 7:12 | Build | Mining Camp |
| 7:22 | Create | Militia |
| 7:22 | Create | Militia |
| 7:45 | Create | Militia |
| 7:45 | Create | Militia |
| 8:03 | Create | Militia |
| 8:22 | Build | Palisade Wall |
| 8:25 | Build | Palisade Wall |
| 8:26 | Build | Palisade Wall |
| 8:27 | Build | Palisade Wall |
| 8:34 | Build | Palisade Wall |
| 8:34 | Create | Militia |
| 9:01 | Age | Feudal Age |
| 9:03 | Research | Man-at-Arms (upgrade) |
| 9:09 | Create | Spearman |
| 9:11 | Create | Villager (Male) |
| 9:20 | Build | House |
| 9:26 | Create | Militia |
| 9:40 | Create | Villager (Male) |
| 9:50 | Build | Mill |
| 9:52 | Build | Outpost |
| 10:00 | Build | Archery Range |
| 10:02 | Create | Villager (Male) |
| 10:40 | Create | Villager (Male) |
| 10:48 | Build | House |
| 10:54 | Build | House |
| 10:55 | Build | Palisade Wall |
| 11:10 | Create | Villager (Male) |
| 11:26 | Build | Farm |
| 11:27 | Build | Farm |
| 11:28 | Build | Farm |
| 11:29 | Build | Farm |
| 11:30 | Create | Archer |
| 11:30 | Create | Archer |
| 11:37 | Create | Villager (Male) |
| 11:38 | Create | Villager (Male) |
| 11:46 | Build | Farm |
| 12:05 | Build | Farm |
| 12:06 | Create | Villager (Male) |
| 12:06 | Create | Villager (Male) |
| 12:09 | Build | House |
| 12:11 | Build | Palisade Wall |
| 12:12 | Build | Palisade Wall |
| 12:25 | Create | Archer |
| 12:26 | Create | Villager (Male) |
| 12:35 | Create | Militia |
| 12:41 | Build | Farm |
| 12:59 | Create | Villager (Male) |
| 13:07 | Create | Skirmisher |
| 13:13 | Build | Farm |
| 13:14 | Create | Villager (Male) |
| 13:34 | Build | Blacksmith |
| 13:58 | Create | Villager (Male) |
| 13:58 | Create | Villager (Male) |
| 14:07 | Create | Skirmisher |
| 14:12 | Build | House |
| 14:15 | Build | Farm |
| 14:19 | Build | House |
| 14:21 | Research | Fletching |
| 14:41 | Create | Villager (Male) |
| 14:42 | Create | Militia |
| 14:42 | Create | Militia |
| 14:46 | Build | Farm |
| 14:49 | Create | Skirmisher |
| 14:49 | Create | Skirmisher |
| 14:50 | Build | House |
| 14:57 | Create | Militia |
| 14:57 | Create | Militia |
| 15:00 | Build | Palisade Wall |
| 15:12 | Create | Villager (Male) |
| 15:17 | Build | Palisade Wall |
| 15:19 | Create | Archer |
| 15:28 | Create | Skirmisher |
| 15:28 | Create | Skirmisher |
| 15:33 | Create | Villager (Male) |
| 15:33 | Create | Villager (Male) |
| 15:55 | Create | Skirmisher |
| 15:55 | Create | Skirmisher |
| 16:10 | Create | Skirmisher |
| 16:14 | Research | Padded Archer Armor |
| 16:17 | Create | Villager (Male) |
| 16:36 | Create | Villager (Male) |
| 16:56 | Build | Farm |
| 17:16 | Create | Villager (Male) |
| 17:24 | Create | Skirmisher |
| 17:34 | Create | Villager (Male) |
| 17:49 | Build | House |
| 17:50 | Build | Palisade Wall |
| 18:09 | Create | Villager (Male) |
| 18:22 | Build | Market |
| 18:30 | Create | Skirmisher |
| 18:37 | Create | Villager (Male) |
| 18:41 | Create | Archer |
| 18:42 | Create | Archer |
| 18:45 | Build | Farm |
| 19:08 | Create | Villager (Male) |
| 19:10 | Create | Militia |
| 19:11 | Create | Militia |
| 19:14 | Build | Farm |
| 19:22 | Create | Villager (Male) |
| 19:35 | Create | Villager (Male) |
| 19:39 | Build | House |
| 19:41 | Build | Palisade Wall |
| 19:56 | Create | Militia |
| 19:56 | Research | Arson |
| 20:05 | Build | Farm |
| 20:06 | Build | Farm |
| 20:08 | Research | Horse Collar |
| 20:14 | Build | Farm |
| 20:33 | Create | Villager (Male) |
| 20:33 | Create | Villager (Male) |
| 20:35 | Create | Skirmisher |
| 20:36 | Create | Skirmisher |
| 20:49 | Create | Skirmisher |
| 21:02 | Create | Villager (Male) |
| 21:10 | Build | Farm |
| 21:12 | Build | Farm |
| 21:26 | Create | Villager (Male) |
| 21:28 | Create | Skirmisher |
Build order — [DGLOS] DyouDi
First 150 of 157 actions detected
| 0:00 | Create | Villager (Male) |
| 0:00 | Create | Villager (Male) |
| 0:01 | Create | Villager (Male) |
| 0:04 | Create | Villager (Male) |
| 0:05 | Create | Villager (Male) |
| 0:05 | Create | Villager (Male) |
| 1:11 | Create | Villager (Male) |
| 1:12 | Create | Villager (Male) |
| 1:47 | Create | Villager (Male) |
| 1:47 | Create | Villager (Male) |
| 2:06 | Create | Villager (Male) |
| 2:06 | Create | Villager (Male) |
| 2:06 | Create | Villager (Male) |
| 2:28 | Build | Lumber Camp |
| 2:47 | Create | Villager (Male) |
| 2:47 | Create | Villager (Male) |
| 2:47 | Create | Villager (Male) |
| 3:06 | Create | Villager (Male) |
| 3:06 | Create | Villager (Male) |
| 3:57 | Create | Villager (Male) |
| 3:58 | Create | Villager (Male) |
| 3:58 | Create | Villager (Male) |
| 4:43 | Create | Villager (Male) |
| 4:43 | Create | Villager (Male) |
| 5:16 | Build | Barracks |
| 5:23 | Create | Villager (Male) |
| 5:41 | Create | Villager (Male) |
| 6:08 | Build | Palisade Wall |
| 6:10 | Create | Militia |
| 6:11 | Create | Militia |
| 6:17 | Create | Villager (Male) |
| 6:25 | Create | Villager (Male) |
| 6:45 | Build | Mill |
| 7:03 | Create | Militia |
| 7:10 | Create | Villager (Male) |
| 7:51 | Research | Loom |
| 8:39 | Research | Feudal Age |
| 8:48 | Build | Mining Camp |
| 9:14 | Build | Farm |
| 9:36 | Create | Villager (Male) |
| 9:59 | Create | Villager (Male) |
| 10:10 | Build | Palisade Wall |
| 10:12 | Build | Palisade Wall |
| 10:14 | Build | Palisade Wall |
| 10:27 | Build | Palisade Wall |
| 10:31 | Build | Palisade Wall |
| 10:34 | Create | Villager (Male) |
| 10:49 | Age | Feudal Age |
| 10:50 | Build | Archery Range |
| 10:54 | Build | Blacksmith |
| 11:01 | Build | Palisade Wall |
| 11:23 | Create | Villager (Male) |
| 11:36 | Create | Villager (Male) |
| 11:40 | Build | Farm |
| 11:40 | Research | Double-Bit Axe |
| 11:40 | Research | Double-Bit Axe |
| 11:43 | Create | Archer |
| 11:43 | Create | Archer |
| 11:54 | Create | Villager (Male) |
| 11:59 | Build | Palisade Wall |
| 12:08 | Create | Villager (Male) |
| 12:22 | Create | Archer |
| 12:35 | Create | Archer |
| 12:37 | Create | Villager (Male) |
| 12:51 | Research | Horse Collar |
| 13:00 | Research | Fletching |
| 13:00 | Research | Fletching |
| 13:02 | Build | Farm |
| 13:05 | Build | Farm |
| 13:09 | Create | Archer |
| 13:10 | Create | Archer |
| 13:13 | Create | Villager (Male) |
| 13:13 | Create | Villager (Male) |
| 13:23 | Build | Farm |
| 13:37 | Create | Archer |
| 13:39 | Create | Villager (Male) |
| 13:39 | Create | Villager (Male) |
| 13:39 | Create | Villager (Male) |
| 14:10 | Create | Archer |
| 14:11 | Create | Villager (Male) |
| 14:15 | Build | Farm |
| 14:16 | Build | Farm |
| 14:23 | Research | Padded Archer Armor |
| 14:23 | Research | Padded Archer Armor |
| 14:27 | Create | Skirmisher |
| 14:28 | Create | Villager (Male) |
| 14:41 | Create | Skirmisher |
| 14:42 | Create | Villager (Male) |
| 14:45 | Build | Farm |
| 14:46 | Create | Villager (Male) |
| 14:56 | Create | Archer |
| 15:18 | Build | Lumber Camp |
| 15:34 | Create | Villager (Male) |
| 15:34 | Create | Villager (Male) |
| 15:41 | Create | Archer |
| 15:52 | Create | Villager (Male) |
| 16:07 | Create | Villager (Male) |
| 16:08 | Build | Farm |
| 16:10 | Build | Farm |
| 16:16 | Create | Villager (Male) |
| 16:20 | Build | Palisade Wall |
| 16:25 | Create | Archer |
| 16:30 | Create | Villager (Male) |
| 16:37 | Create | Archer |
| 16:42 | Build | Palisade Wall |
| 16:49 | Create | Archer |
| 16:52 | Create | Villager (Male) |
| 16:57 | Create | Skirmisher |
| 16:59 | Build | Farm |
| 17:16 | Create | Archer |
| 17:17 | Create | Villager (Male) |
| 17:27 | Create | Villager (Male) |
| 17:30 | Build | Farm |
| 17:30 | Build | Farm |
| 17:31 | Build | Farm |
| 17:32 | Create | Archer |
| 17:34 | Create | Villager (Male) |
| 17:50 | Build | Market |
| 18:23 | Build | Lumber Camp |
| 18:26 | Build | Archery Range |
| 19:02 | Build | Palisade Wall |
| 19:04 | Build | Palisade Wall |
| 19:06 | Research | Castle Age |
| 19:07 | Research | Castle Age |
| 19:20 | Create | Skirmisher |
| 19:21 | Create | Skirmisher |
| 19:24 | Create | Archer |
| 19:24 | Create | Archer |
| 19:38 | Build | Palisade Wall |
| 19:39 | Build | Palisade Wall |
| 19:40 | Build | Palisade Wall |
| 19:43 | Create | Archer |
| 19:44 | Research | Padded Archer Armor |
| 19:48 | Build | Palisade Wall |
| 19:50 | Create | Archer |
| 20:01 | Create | Archer |
| 20:12 | Build | Archery Range |
| 20:18 | Research | Gold Mining |
| 20:19 | Research | Gold Mining |
| 20:20 | Create | Archer |
| 20:24 | Build | Palisade Wall |
| 20:27 | Build | Palisade Wall |
| 20:29 | Build | Palisade Wall |
| 20:32 | Create | Archer |
| 20:35 | Create | Archer |
| 21:07 | Create | Archer |
| 21:07 | Create | Archer |
| 21:15 | Build | Stable |
| 21:21 | Create | Archer |
| 21:30 | Create | Archer |
Match timeline
| 5:16 | [DGLOS] DyouDi · first_building Barracks |
| 5:36 | Phoebus Apollo · first_building Barracks |
| 6:08 | [DGLOS] DyouDi · wall_segment Palisade Wall x7 |
| 8:22 | Phoebus Apollo · wall_segment Palisade Wall x1 |
| 8:25 | Phoebus Apollo · wall_segment Palisade Wall x1 |
| 8:26 | Phoebus Apollo · wall_segment Palisade Wall x1 |
| 8:27 | Phoebus Apollo · wall_segment Palisade Wall x1 |
| 8:34 | Phoebus Apollo · wall_segment Palisade Wall x1 |
| 9:01 | Phoebus Apollo · age_up feudal |
| 10:00 | Phoebus Apollo · first_building Archery Range |
| 10:10 | [DGLOS] DyouDi · wall_segment Palisade Wall x1 |
| 10:12 | [DGLOS] DyouDi · wall_segment Palisade Wall x11 |
| 10:14 | [DGLOS] DyouDi · wall_segment Palisade Wall x3 |
| 10:27 | [DGLOS] DyouDi · wall_segment Palisade Wall x11 |
| 10:31 | [DGLOS] DyouDi · wall_segment Palisade Wall x5 |
| 10:49 | [DGLOS] DyouDi · age_up feudal |
| 10:50 | [DGLOS] DyouDi · first_building Archery Range |
| 10:55 | Phoebus Apollo · wall_segment Palisade Wall x3 |
| 11:01 | [DGLOS] DyouDi · wall_segment Palisade Wall x2 |
| 11:59 | [DGLOS] DyouDi · wall_segment Palisade Wall x13 |
| 12:11 | Phoebus Apollo · wall_segment Palisade Wall x3 |
| 12:12 | Phoebus Apollo · wall_segment Palisade Wall x1 |
| 15:00 | Phoebus Apollo · wall_segment Palisade Wall x1 |
| 15:17 | Phoebus Apollo · wall_segment Palisade Wall x5 |
| 16:20 | [DGLOS] DyouDi · wall_segment Palisade Wall x3 |
| 16:42 | [DGLOS] DyouDi · wall_segment Palisade Wall x1 |
| 17:50 | Phoebus Apollo · wall_segment Palisade Wall x7 |
| 18:49 | [DGLOS] DyouDi · first_market_buy 100 food |
| 18:50 | [DGLOS] DyouDi · first_market_sell 100 stone |
| 19:02 | [DGLOS] DyouDi · wall_segment Palisade Wall x1 |
| 19:04 | [DGLOS] DyouDi · wall_segment Palisade Wall x4 |
| 19:38 | [DGLOS] DyouDi · wall_segment Palisade Wall x1 |
| 19:39 | [DGLOS] DyouDi · wall_segment Palisade Wall x4 |
| 19:40 | [DGLOS] DyouDi · wall_segment Palisade Wall x4 |
| 19:41 | Phoebus Apollo · wall_segment Palisade Wall x1 |
| 19:48 | [DGLOS] DyouDi · wall_segment Palisade Wall x1 |
| 20:24 | [DGLOS] DyouDi · wall_segment Palisade Wall x1 |
| 20:27 | [DGLOS] DyouDi · wall_segment Palisade Wall x5 |
| 20:29 | [DGLOS] DyouDi · wall_segment Palisade Wall x6 |
| 21:15 | [DGLOS] DyouDi · first_building Stable |
| 21:51 | [DGLOS] DyouDi · age_up castle |
| 22:16 | Phoebus Apollo · resign |
[ AI ANALYSIS · 1 CREDIT ]
What really happened in this match?
Wolo.gg analyzes every decision: build order, eco, micro, common mistakes by bracket. Personalized analysis on WhatsApp or Discord in 30 seconds.
Civ guide
Burmese
Perfil
Jugador #3317814